 Dungeon Crawl Stone Soup version 0.19-a0-277-g85cb9a5 (webtiles) character file.

126 namelastname112 the Sneak (level 5, -1/35 HPs)
             Began as a Halfling Assassin on May 26, 2016.
             Slain by a gnoll
             ... wielding a +0 club
              (4 damage)
             ... on level 2 of the Dungeon.
             The game lasted 00:04:06 (2274 turns).

namelastname112 the Sneak (Halfling Assassin)       Turns: 2274, Time: 00:04:07

Health: -1/35      AC:  4    Str: 11    XL:     5   Next: 32%
Magic:  14/14      EV: 14    Int: 10    God:
Gold:   78         SH:  0    Dex: 17    Spells: 0 memorised, 4 levels left

rFire  . . .     SeeInvis .     a - +2 dagger
rCold  . . .     Gourm    .     l - +0 leather armour
rNeg   . . .     Faith    .     (shield restricted)
rPois  .         Spirit   .     (no helmet)
rElec  .         Dismiss  .     d - +0 cloak
rCorr  .         Reflect  .     (no gloves)
SustAt .         Harm     .     (no boots)
MR     .....                    (no amulet)
Stlth  +++.......               (no ring)
                                r - ring of magical power

@: about to teleport, flying, not resistant to hostile enchantments, fairly
stealthy
A: mutation resistance 1
a: no special abilities


You were on level 2 of the Dungeon.
You were not hungry.

You visited 1 branch of the dungeon, and saw 3 of its levels.

You collected 78 gold pieces.

Inventory:

Hand Weapons
 a - a +2 dagger (weapon)
 b - a +0 blowgun
Missiles
 e - 5 poisoned needles
 f - 2 curare-tipped needles
Armour
 d - a +0 cloak (worn)
 l - a +0 leather armour (worn)
Jewellery
 r - a ring of magical power (left hand)
Scrolls
 c - a scroll of remove curse {unknown}
 h - a scroll of teleportation
 i - a scroll of blinking {unknown}
 j - a scroll of fog {unknown}
 k - 3 scrolls of recharging {unknown}
 m - a scroll of enchant armour {unknown}
 o - a scroll of noise {unknown}
 s - a scroll of identify {unknown}
 t - a scroll of amnesia {unknown}
Potions
 q - a potion of flight
Comestibles
 g - 4 bread rations
 p - a meat ration


   Skills:
 + Level 2.5 Fighting
 + Level 3.6 Short Blades
 + Level 3.0 Throwing
 + Level 1.5 Armour
 + Level 2.2 Dodging
 + Level 4.9 Stealth


You had 4 spell levels left.
You didn't know any spells.

Dungeon Overview and Level Annotations

Branches:
Dungeon (3/15)

Altars:
Vehumet

Annotations:
D:2 Purgy
D:3 Robin


Innate Abilities, Weirdness & Mutations

You are small and have problems with some larger weapons.
You are somewhat resistant to further mutation.


Message History

You feel strangely unstable.
It was a scroll of teleportation.
Purgy bites you. Purgy barely misses you. Purgy claws you.
* * * LOW HITPOINT WARNING * * *
The gnoll hits you with a club.
* * * LOW HITPOINT WARNING * * *
You take 9 damage, and have 4/35 hp.
MASSIVE DAMAGE!!
Drink which item? (? for menu, Esc to quit)
Okay, then.
You aren't carrying any items that you can evoke.
Read which item? (? for menu, Esc to quit)
Okay, then.
You hit the gnoll.
The gnoll is almost dead.
Purgy closely misses you. x2; Purgy claws you.
* * * LOW HITPOINT WARNING * * *
You take 1 damage, and have 3/35 hp.
You completely miss the gnoll.
The gnoll is almost dead.
The gnoll hits you with a club.
You die...

....#(..####...# #.#
###.#..........#########.#
###...................##.#
...............######<##>#
###.#...####...# #.##.#
#.###..# #(..######<##.#
##.#.#.# #.............#
##......# #...######.####
........# #..bg@T......#
##.....## #.#####.####.##
##...######.# ##.###...#
##.## #....# #........#
#.# #.#### #..###...# #.#
#.# #..####.## #.# #.#
#...# #.# #.# #.#
###.#.###.# #.# #.#
#...#.g.#.#


You could see Purgy, a gnoll and a bat.

Vanquished Creatures
  2 adders (D:2)
  5 gnolls
  An ooze (D:2)
  2 worms (D:2)
  3 dart slugs
  A giant gecko (D:1)
  8 bats
  6 hobgoblins
  7 jackals
  2 giant newts
  2 goblins
  2 kobolds (D:1)
  5 rats
46 creatures vanquished.

Notes
Turn   | Place    | Note
--------------------------------------------------------------
     0 | D:1      | namelastname112 the Halfling Assassin began the quest for the Orb.
     0 | D:1      | Reached XP level 1. HP: 14/14 MP: 1/1
   108 | D:1      | Reached XP level 2. HP: 11/19 MP: 2/2
   661 | D:1      | Reached XP level 3. HP: 24/24 MP: 3/3
   760 | D:1      | epen: ты пидор
   766 | D:1      | epen: ты пидор
   772 | D:1      | epen: ты пидор
   772 | D:1      | epen: пи пи дор
   772 | D:1      | namelastname112: сука
   772 | D:1      | namelastname112: тебя втащило смотрю
  1168 | D:2      | Reached skill level 1 in Armour
  1168 | D:2      | Reached XP level 4. HP: 23/29 MP: 4/4
  1188 | D:2      | epen: blowjob
  1542 | D:2      | Reached XP level 5. HP: 8/35 MP: 5/5
  1836 | D:2      | namelastname112: clownjob
  1882 | D:2      | epen: имя
  1943 | D:2      | Found a radiant altar of Vehumet.
  1947 | D:2      | epen: как продвигается твоя handjob?
  2133 | D:2      | namelastname112: ты слов новых выучил?
  2133 | D:2      | epen: не
  2133 | D:2      | epen: просто побазарить хочу
  2133 | D:2      | epen: хули ты выёбываешься
  2133 | D:2      | epen: скоро гритплеером станешь
  2133 | D:2      | namelastname112: щщ
  2221 | D:2      | epen: совсем про меня забудешь
  2226 | D:3      | Noticed Robin
  2259 | D:3      | Noticed Purgy
  2274 | D:2      | Slain by a gnoll

Vault maps used:
D:1:      dpeg_arrival_shrine
D:2:      old_standard_altar
D:3:      grunt_dithmenos_smoke, lemuel_doored_altar, first_bread, uniq_robin,
          uniq_purgy

Skill      XL: |  1  2  3  4  5 |
---------------+----------------+-----
Fighting       | 2 |  2.5
Short Blades   | 3 |  3.6
Armour         | 1 |  1.5
Dodging        | 2 |  2.2
Throwing       | 3 |  3.0
Stealth        | |  4.9

Action                   |  1- 3 |  4- 6 || total
-------------------------+-------+-------++-------
Melee: Dagger            |    55 |   105 ||   160
 Fire: Blowgun           |     9 |       ||     9
  Use: Potion            |       |     2 ||     2
       Scroll            |       |     1 ||     1
 Stab: Sleeping          |     8 |     6 ||    14
  Eat: Chunk             |     1 |     3 ||     4
Armor: Robe              |     3 |       ||     3
       Leather armour    |     6 |    27 ||    33
Dodge: Dodged            |    28 |    94 ||   122
